Predators vs Blue Jackets
Created - October 16, 2018 at 21:31
Goals
|
Predators |
2 |
0 |
0 |
0 |
1 |
3 |
Blue Jackets |
0 |
2 |
0 |
0 |
0 |
2 |
|
Shots
|
Predators |
12 |
5 |
2 |
3 |
3 |
22 |
Blue Jackets |
6 |
14 |
8 |
2 |
3 |
30 |
|
1st period
1. Predators , Justin Abdelkader 1 (Ryan Murray 1) at 5:53
2. Predators , Andy Miele 1 (James Van Riemsdyk 1, Alexander Edler 1) at 9:36
Penalties :
Mike Brown (Clb) for Hooking (Minor) at 17:42
2nd period
3. Blue Jackets , Mike Comrie 3 (Torey Krug 1) at 18:24 (PP)
4. Blue Jackets , Patrick O'Sullivan 2 (Andrew Gordon 2, Mike Lundin 1) at 19:43
Penalties :
David Booth (Clb) for Cross-checking (Minor) at 1:32, A.J Thelen (Clb) for Goalie Interference (Minor) at 7:14, Martin Havlat (Clb) for Holding (Minor) at 16:23, Brendan Gallagher (Nas) for High sticking (Minor) at 17:15
3rd period
No Goal
Penalties :
Pavel Datsyuk (Clb) for Tripping (Minor) at 3:04, Martin Havlat (Clb) for Roughing (Minor) at 11:17
Overtime #1
No Goal
Penalties :
No Penalty
Shootout
Penalty Shot by Alexander Ovechkin for Predators - Stopped by Rick DiPietro
Penalty Shot by Pavel Datsyuk for Blue Jackets - Shot Misses the Net
Penalty Shot by Ryan Kesler for Predators - Shot Misses the Net
Penalty Shot by David Booth for Blue Jackets - Stopped by Viktor Fasth
Penalty Shot by Andy Miele for Predators - Goal!
Penalty Shot by Martin Havlat for Blue Jackets - Stopped by Viktor Fasth
Penalties :
No Penalty
Goalie Stats
Viktor Fasth (Nas), 28 saves from 30 shots - (0.933), W, 1-0-1, 65:00 minutes
Rick DiPietro (Clb), 20 saves from 22 shots - (0.909), OTL, 1-0-1, 65:00 minutes
Players Stats for Predators
Player Name G A P +/- PIM S H SB GA TA FO MP PP MP PK MP
------------------------------------------------------------------------------------
Adam Burish 0 0 0 0 0 2 1 1 1 1 0/0 10:57 1:19 0:00
Alexander Edler 0 1 1 1 0 2 0 0 2 0 0/0 29:16 6:19 0:02
Alexander Ovechkin 0 0 0 0 0 4 2 0 0 0 0/1 25:26 5:00 0:00
Alexander Steen 0 0 0 0 0 3 1 1 1 2 0/0 19:33 5:07 0:02
Andy Miele 1 0 1 1 0 1 1 0 0 0 0/4 8:32 0:00 0:00
Anton Gustafsson 0 0 0 0 0 0 2 0 0 0 3/5 9:31 0:21 0:00
Brendan Gallagher 0 0 0 1 2 1 0 0 0 1 0/2 19:22 4:51 0:00
Byron Bitz 0 0 0 0 0 1 0 0 0 0 1/1 13:25 0:00 0:00
Dmitri Kalinin 0 0 0 0 0 1 0 1 0 0 0/0 11:40 0:00 0:00
James Van Riemsdyk 0 1 1 1 0 0 1 0 1 0 1/1 12:43 1:36 0:00
John Moore 0 0 0 -1 0 0 1 2 0 1 0/0 23:26 4:28 0:00
Justin Abdelkader 1 0 1 0 0 2 1 1 0 1 1/1 11:08 0:20 0:00
Michal Rozsival 0 0 0 0 0 1 1 1 0 1 0/0 16:22 0:00 0:00
Mikael Granlund 0 0 0 0 0 1 1 0 0 0 8/14 19:21 4:57 0:00
Niclas Bergfors 0 0 0 0 0 1 2 0 0 0 3/3 15:12 4:00 0:02
Ryan Kesler 0 0 0 0 0 2 3 0 1 0 13/27 23:21 4:49 0:00
Ryan Mcdonagh 0 0 0 2 0 0 2 3 0 1 0/0 30:07 6:19 0:02
Ryan Murray 0 1 1 0 0 0 1 1 0 1 0/0 19:28 4:28 0:00
Players Stats for Blue Jackets
Player Name G A P +/- PIM S H SB GA TA FO MP PP MP PK MP
------------------------------------------------------------------------------------
A.J Thelen 0 0 0 0 2 1 1 0 0 1 0/0 13:23 0:00 0:00
Andreas Nodl 0 0 0 0 0 1 1 0 0 0 0/0 11:10 0:00 0:00
Andrew Gordon 0 1 1 -1 0 1 0 0 0 0 0/0 8:15 0:00 0:00
Branislav Mezei 0 0 0 0 0 1 2 2 0 2 0/0 21:31 0:02 4:21
David Booth 0 0 0 0 2 2 1 3 0 0 1/2 23:22 0:00 1:50
Dennis Wideman 0 0 0 -1 0 2 0 6 2 0 0/0 30:08 0:00 6:26
Martin Havlat 0 0 0 0 4 2 1 1 0 1 0/0 18:01 0:02 4:24
Matt Calvert 0 0 0 -1 0 0 0 0 0 0 0/0 8:15 0:00 0:15
Mike Brown 0 0 0 0 2 2 2 1 1 0 0/0 17:41 0:00 2:09
Mike Comrie 1 0 1 0 0 1 0 2 1 0 10/13 17:11 0:02 6:00
Mike Lundin 0 1 1 -1 0 1 1 2 3 1 0/0 30:08 0:00 6:26
Mike York 0 0 0 0 0 2 2 0 0 0 1/2 17:45 0:00 3:06
Patrick O'Sullivan 1 0 1 -1 0 3 0 0 0 0 2/2 9:29 0:00 1:23
Pavel Datsyuk 0 0 0 0 2 0 2 1 1 0 8/23 21:04 0:00 2:00
Peter Mueller 0 0 0 0 0 2 1 2 0 0 7/16 12:57 0:02 0:00
Rostislav Olesz 0 0 0 0 0 6 0 0 0 0 0/1 12:48 0:00 0:27
Ryan Wilson 0 0 0 0 0 0 0 1 0 1 0/0 13:21 0:00 0:00
Torey Krug 0 1 1 0 0 3 1 1 1 0 0/0 21:31 0:02 4:21
3 Stars
1 - Andy Miele (Nas)
2 - Justin Abdelkader (Nas)
3 - Viktor Fasth (Nas)
Power Play
Predators - 0 on 6 Attempt(s) - 0.00%
Blue Jackets - 1 on 1 Attempt(s) - 100.00%
Penalty Kill
Predators - 0 on 1 Attempt(s) - 0.00%
- Score 0 goal in Penalty Kill
Blue Jackets - 6 on 6 Attempt(s) - 100.00%
- Score 0 goal in Penalty Kill
Team Stat
Predators - Hits : 20 - Faceoff Wins : 30 - Blocked Shots : 11 - Penalty Minutes : 2
Blue Jackets - Hits : 15 - Faceoff Wins : 29 - Blocked Shots : 22 - Penalty Minutes : 12
Official
Referees : Unknown
Linesman : Unknown
Game Notes
Niclas Bergfors is injured at 8:23 of 3rd period (Bruised Left Arm)
Finance
Level 1 -- Attendance: 4381 (73.02%) -- Ticket Income $416,195
Level 2 -- Attendance: 3557 (71.14%) -- Ticket Income $213,420
Level 3 -- Attendance: 1901 (95.05%) -- Ticket Income $66,535
Level 4 -- Attendance: 3780 (94.50%) -- Ticket Income $94,500
Luxury Box -- Attendance: 772 (77.20%) -- Ticket Income $146,680
Game was played at the Ohio State Arena.
Total Attendance: 14391 (79.95%)
Total Ticket Income: $937,330
Other Income: $140,600
Total Income: $1,077,930
Predators
5 vs 5 Forward
Center Left Wing Right Wing Time % Phy DF OF
1 Mikael Granlund Alexander Ovechkin Niclas Bergfors 40 1 2 2
2 Ryan Kesler Alexander Steen Byron Bitz 30 1 2 2
3 Andy Miele James Van Riemsdyk Brendan Gallagher 20 1 2 2
4 Anton Gustafsson Justin Abdelkader Adam Burish 10 1 2 2
5 vs 5 Defense
Defense Defense Time % Phy DF OF
1 Ryan Mcdonagh Alexander Edler 40 1 2 2
2 John Moore Ryan Murray 30 1 2 2
3 Michal Rozsival Dmitri Kalinin 20 1 2 2
4 John Moore Michal Rozsival 10 1 2 2
PowerPlay Forward
Center Left Wing Right Wing Time % Phy DF OF
1 Ryan Kesler Alexander Ovechkin Brendan Gallagher 60 1 2 2
2 Mikael Granlund Alexander Steen Niclas Bergfors 40 1 2 2
PowerPlay Defense
Defense Defense Time % Phy DF OF
1 Ryan Mcdonagh Alexander Edler 60 1 2 2
2 John Moore Ryan Murray 40 1 2 2
Penalty Kill 4 Players Forward
Center Wing Time % Phy DF OF
1 Andy Miele Byron Bitz 60 1 2 2
2 Anton Gustafsson Adam Burish 40 1 2 2
Penalty Kill 4 Players Defense
Defense Defense Time % Phy DF OF
1 Ryan Mcdonagh Alexander Edler 60 1 2 2
2 John Moore Michal Rozsival 40 1 2 2
Penalty Kill - 3 Players Forward
Forward Time % Phy DF OF
1 Byron Bitz 60 1 2 2
2 Adam Burish 40 1 2 2
Penalty Kill - 3 Players Defense
Defense Defense Time % Phy DF OF
1 Ryan Mcdonagh Alexander Edler 60 1 2 2
2 John Moore Michal Rozsival 40 1 2 2
4 vs 4 Forward
Center Wing Time % Phy DF OF
1 Ryan Kesler Alexander Ovechkin 60 1 2 2
2 Niclas Bergfors Alexander Steen 40 1 2 2
4 vs 4 Defense
Defense Defense Time % Phy DF OF
1 Ryan Mcdonagh Alexander Edler 60 1 2 2
2 John Moore Michal Rozsival 40 1 2 2
Last Minutes Offensive
Center Left Wing Right Wing Defense Defense
Ryan Kesler Alexander Ovechkin Niclas Bergfors Ryan Mcdonagh Alexander Edler
Last Minutes Defensive
Center Left Wing Right Wing Defense Defense
Ryan Kesler Alexander Ovechkin Niclas Bergfors Ryan Mcdonagh Alexander Edler
Goaltenders
Starting : Viktor Fasth
Backup : Chad Johnson
Extra Forwards
Normal : Brendan Gallagher, James Van Riemsdyk, Justin Abdelkader - PP : Brendan Gallagher, James Van Riemsdyk - PK : Justin Abdelkader
Extra Defensemen
Normal : Michal Rozsival, Ryan Murray, John Moore - PP : Ryan Murray - PK : John Moore, Ryan Murray
Penalty Shots
Alexander Ovechkin, Ryan Kesler, Niclas Bergfors, Alexander Steen, Byron Bitz
Scratches
Barret Jackman (Healthy)
Blue Jackets
5 vs 5 Forward
Center Left Wing Right Wing Time % Phy DF OF
1 Pavel Datsyuk David Booth Mike Brown 40 1 2 2
2 Peter Mueller Mike York Martin Havlat 30 1 2 2
3 Mike Comrie Rostislav Olesz Andreas Nodl 20 1 2 2
4 Patrick O'Sullivan Matt Calvert Andrew Gordon 10 1 2 2
5 vs 5 Defense
Defense Defense Time % Phy DF OF
1 Mike Lundin Dennis Wideman 40 1 2 2
2 Torey Krug Branislav Mezei 30 1 2 2
3 Ryan Wilson A.J Thelen 20 1 2 2
4 Mike Lundin Dennis Wideman 10 1 2 2
PowerPlay Forward
Center Left Wing Right Wing Time % Phy DF OF
1 Pavel Datsyuk David Booth Martin Havlat 60 1 2 2
2 Peter Mueller Mike York Mike Brown 40 1 2 2
PowerPlay Defense
Defense Defense Time % Phy DF OF
1 Mike Lundin Dennis Wideman 60 1 2 2
2 Torey Krug Branislav Mezei 40 1 2 2
Penalty Kill 4 Players Forward
Center Wing Time % Phy DF OF
1 Mike Comrie Martin Havlat 60 1 2 2
2 Pavel Datsyuk Mike Brown 40 1 2 2
Penalty Kill 4 Players Defense
Defense Defense Time % Phy DF OF
1 Mike Lundin Dennis Wideman 60 1 2 2
2 Torey Krug Branislav Mezei 40 1 2 2
Penalty Kill - 3 Players Forward
Forward Time % Phy DF OF
1 Mike Comrie 60 1 2 2
2 Pavel Datsyuk 40 1 2 2
Penalty Kill - 3 Players Defense
Defense Defense Time % Phy DF OF
1 Mike Lundin Dennis Wideman 60 1 2 2
2 Torey Krug Branislav Mezei 40 1 2 2
4 vs 4 Forward
Center Wing Time % Phy DF OF
1 Pavel Datsyuk David Booth 60 1 2 2
2 Mike Comrie Martin Havlat 40 1 2 2
4 vs 4 Defense
Defense Defense Time % Phy DF OF
1 Mike Lundin Dennis Wideman 60 1 2 2
2 Torey Krug Branislav Mezei 40 1 2 2
Last Minutes Offensive
Center Left Wing Right Wing Defense Defense
Pavel Datsyuk David Booth Martin Havlat Mike Lundin Dennis Wideman
Last Minutes Defensive
Center Left Wing Right Wing Defense Defense
Pavel Datsyuk David Booth Martin Havlat Mike Lundin Dennis Wideman
Goaltenders
Starting : Rick DiPietro
Backup : Marek Schwarz
Extra Forwards
Normal : Peter Mueller, Andreas Nodl, Mike York - PP : Peter Mueller, Andreas Nodl - PK : Mike York
Extra Defensemen
Normal : Ryan Wilson, A.J Thelen, Torey Krug - PP : Ryan Wilson - PK : A.J Thelen, Torey Krug
Penalty Shots
Pavel Datsyuk, David Booth, Martin Havlat, Mike Brown, Mike Comrie
Scratches
Kevin Porter (Healthy), Shane Sims (Healthy)
% Time on Ice - Predators
Lines # - Real PCT - Wanted PCT - Time Play
Normal Forward
1 - 37% - 40% - 17:48
2 - 28% - 30% - 13:24
3 - 18% - 20% - 8:32
4 - 17% - 10% - 8:20
Normal Defense
1 - 39% - 40% - 18:47
2 - 31% - 30% - 14:57
3 - 24% - 20% - 11:40
4 - 6% - 10% - 2:40
PP Forward
1 - 45% - 60% - 4:50
2 - 55% - 40% - 5:57
PP Defense
1 - 59% - 60% - 6:19
2 - 41% - 40% - 4:28
PK Forward
1 - 0% - 60% - 0:00
2 - 100% - 40% - 0:02
PK Defense
1 - 100% - 60% - 0:02
2 - 0% - 40% - 0:00
PK3 Forward
1 - 0% - 60%
2 - 0% - 40%
PK3 Defense
1 - 0% - 60%
2 - 0% - 40%
44 Forward
1 - 73% - 60% - 4:28
2 - 27% - 40% - 1:39
44 Defense
1 - 67% - 60% - 4:05
2 - 33% - 40% - 2:02
Last Minute Offensive - 0:00
Last Minute Defensive - 0:00
Total
Forward - 65:00
Defense - 65:00
|
% Time on Ice - Blue Jackets
Lines # - Real PCT - Wanted PCT - Time Play
Normal Forward
1 - 39% - 40% - 18:32
2 - 25% - 30% - 11:55
3 - 19% - 20% - 9:22
4 - 17% - 10% - 8:15
Normal Defense
1 - 40% - 40% - 19:09
2 - 29% - 30% - 14:03
3 - 28% - 20% - 13:21
4 - 3% - 10% - 1:31
PP Forward
1 - 0% - 60% - 0:00
2 - 100% - 40% - 0:02
PP Defense
1 - 0% - 60% - 0:00
2 - 100% - 40% - 0:02
PK Forward
1 - 75% - 60% - 8:04
2 - 25% - 40% - 2:43
PK Defense
1 - 60% - 60% - 6:26
2 - 40% - 40% - 4:21
PK3 Forward
1 - 0% - 60%
2 - 0% - 40%
PK3 Defense
1 - 0% - 60%
2 - 0% - 40%
44 Forward
1 - 72% - 60% - 4:25
2 - 28% - 40% - 1:42
44 Defense
1 - 50% - 60% - 3:02
2 - 50% - 40% - 3:05
Last Minute Offensive - 0:00
Last Minute Defensive - 0:00
Total
Forward - 65:00
Defense - 65:00
|
Play by Play
1st period
0:01 of 1st period - Mikael Granlund wins face-off versus Pavel Datsyuk in neutral zone.
1:18 of 1st period - Wrist shot by Justin Abdelkader.
1:18 of 1st period - Shot Misses the Net.
1:36 of 1st period - Wrist shot by Niclas Bergfors.
1:36 of 1st period - Shot Blocked by Mike Brown.
1:38 of 1st period - Wrist shot by Alexander Ovechkin.
1:38 of 1st period - Shot Misses the Net.
2:17 of 1st period - Wrist shot by Andy Miele.
2:17 of 1st period - Shot Blocked by Torey Krug.
4:31 of 1st period - Off-side.
4:32 of 1st period - Anton Gustafsson wins face-off versus Peter Mueller in neutral zone.
4:37 of 1st period - Adam Burish is hit by Branislav Mezei and loses puck.
4:46 of 1st period - Branislav Mezei is hit by Justin Abdelkader and loses puck.
5:27 of 1st period - Snap shot by Rostislav Olesz.
5:27 of 1st period - Shot Blocked by Ryan Mcdonagh.
5:47 of 1st period - Wrist shot by Matt Calvert.
5:47 of 1st period - Shot Blocked by Ryan Murray.
5:53 of 1st period - Slapshot by Justin Abdelkader.
5:53 of 1st period - Goal by Justin Abdelkader - Predators : 1 - Blue Jackets : 0.
5:54 of 1st period - Niclas Bergfors wins face-off versus Pavel Datsyuk in neutral zone.
6:32 of 1st period - Slapshot by Ryan Kesler.
6:32 of 1st period - Shot Misses the Net.
6:34 of 1st period - Slapshot by Michal Rozsival.
6:34 of 1st period - Deflect By Ryan Kesler.
6:34 of 1st period - Shot Misses the Net.
6:34 of 1st period - Puck is out of play.
6:35 of 1st period - Mike Comrie wins face-off versus Andy Miele in Blue Jackets zone.
6:58 of 1st period - Alexander Edler is hit by Andreas Nodl.
7:14 of 1st period - Wrist shot by Alexander Ovechkin.
7:14 of 1st period - Stopped by Rick DiPietro without a rebound.
7:15 of 1st period - Pavel Datsyuk wins face-off versus Mikael Granlund in Blue Jackets zone.
7:24 of 1st period - Snap shot by David Booth.
7:24 of 1st period - Stopped by Viktor Fasth without a rebound.
7:25 of 1st period - Niclas Bergfors wins face-off versus Pavel Datsyuk in Predators zone.
7:38 of 1st period - Wrist shot by Alexander Ovechkin.
7:38 of 1st period - Shot Misses the Net.
7:40 of 1st period - Snap shot by Alexander Ovechkin.
7:40 of 1st period - Shot Blocked by Dennis Wideman.
7:42 of 1st period - Snap shot by Mikael Granlund.
7:42 of 1st period - Stopped by Rick DiPietro without a rebound.
7:43 of 1st period - Peter Mueller wins face-off versus Ryan Kesler in Blue Jackets zone.
7:56 of 1st period - Snap shot by Peter Mueller.
7:56 of 1st period - Shot Blocked by Ryan Mcdonagh.
8:08 of 1st period - Ryan Mcdonagh is hit by David Booth and loses puck.
8:33 of 1st period - Snap shot by Andreas Nodl.
8:33 of 1st period - Shot Misses the Net.
8:35 of 1st period - Wrist shot by Mike Comrie.
8:35 of 1st period - Shot Misses the Net.
8:37 of 1st period - Snap shot by Torey Krug.
8:37 of 1st period - Shot Blocked by John Moore.
8:39 of 1st period - Slapshot by Torey Krug.
8:39 of 1st period - Shot Blocked by Michal Rozsival.
8:41 of 1st period - Wrist shot by Branislav Mezei.
8:41 of 1st period - Stopped by Viktor Fasth without a rebound.
8:42 of 1st period - Byron Bitz wins face-off versus Peter Mueller in Predators zone.
9:09 of 1st period - David Booth is hit by John Moore and loses puck.
9:32 of 1st period - Slapshot by James Van Riemsdyk.
9:32 of 1st period - Shot Misses the Net.
9:34 of 1st period - Snap shot by James Van Riemsdyk.
9:34 of 1st period - Shot Blocked by Dennis Wideman.
9:36 of 1st period - Wrist shot by Andy Miele.
9:36 of 1st period - Goal by Andy Miele - Predators : 2 - Blue Jackets : 0.
9:37 of 1st period - Peter Mueller wins face-off versus Mikael Granlund in neutral zone.
9:53 of 1st period - Snap shot by Alexander Ovechkin.
9:53 of 1st period - Stopped by Rick DiPietro without a rebound.
9:54 of 1st period - Ryan Kesler wins face-off versus Pavel Datsyuk in Blue Jackets zone.
11:09 of 1st period - Slapshot by Patrick O'Sullivan.
11:09 of 1st period - Stopped by Viktor Fasth with a rebound.
11:11 of 1st period - Slapshot by A.J Thelen.
11:11 of 1st period - Stopped by Viktor Fasth with a rebound.
12:16 of 1st period - Andreas Nodl is hit by Niclas Bergfors and loses puck.
12:37 of 1st period - Torey Krug is hit by Ryan Kesler and loses puck.
12:51 of 1st period - Icing by Patrick O'Sullivan.
12:52 of 1st period - Anton Gustafsson wins face-off versus Pavel Datsyuk in Blue Jackets zone.
12:55 of 1st period - Backhand shot by Adam Burish.
12:55 of 1st period - Stopped by Rick DiPietro without a rebound.
12:56 of 1st period - Anton Gustafsson wins face-off versus Pavel Datsyuk in Blue Jackets zone.
12:59 of 1st period - Snap shot by Alexander Edler.
12:59 of 1st period - Stopped by Rick DiPietro with a rebound.
13:01 of 1st period - Slapshot by Alexander Edler.
13:01 of 1st period - Stopped by Rick DiPietro with a rebound.
13:03 of 1st period - Slapshot by Ryan Mcdonagh.
13:03 of 1st period - Deflect By Justin Abdelkader.
13:03 of 1st period - Stopped by Rick DiPietro without a rebound.
13:04 of 1st period - Mikael Granlund wins face-off versus Pavel Datsyuk in Blue Jackets zone.
13:12 of 1st period - Icing by Mike Lundin.
13:13 of 1st period - Mikael Granlund wins face-off versus Pavel Datsyuk in Blue Jackets zone.
13:21 of 1st period - Icing by Dennis Wideman.
13:22 of 1st period - Pavel Datsyuk wins face-off versus Ryan Kesler in Blue Jackets zone.
13:26 of 1st period - Off-side.
13:27 of 1st period - Peter Mueller wins face-off versus Ryan Kesler in neutral zone.
13:38 of 1st period - Wrist shot by Ryan Kesler.
13:38 of 1st period - Shot Misses the Net.
13:40 of 1st period - Backhand shot by Alexander Steen.
13:40 of 1st period - Stopped by Rick DiPietro without a rebound.
13:41 of 1st period - Mikael Granlund wins face-off versus Pavel Datsyuk in Blue Jackets zone.
14:35 of 1st period - Wrist shot by Niclas Bergfors.
14:35 of 1st period - Shot Misses the Net.
14:37 of 1st period - Slapshot by Ryan Mcdonagh.
14:37 of 1st period - Shot Blocked by Branislav Mezei.
14:41 of 1st period - Snap shot by Alexander Ovechkin.
14:41 of 1st period - Shot Misses the Net.
14:43 of 1st period - Snap shot by Mikael Granlund.
14:43 of 1st period - Shot Misses the Net.
14:45 of 1st period - Slapshot by Mikael Granlund.
14:45 of 1st period - Shot Misses the Net.
14:47 of 1st period - Slapshot by Alexander Edler.
14:47 of 1st period - Deflect By Alexander Ovechkin.
14:47 of 1st period - Shot Misses the Net.
14:47 of 1st period - Puck is out of play.
14:48 of 1st period - Ryan Kesler wins face-off versus Peter Mueller in Blue Jackets zone.
14:53 of 1st period - Wrist shot by Ryan Kesler.
14:53 of 1st period - Stopped by Rick DiPietro with a rebound.
16:20 of 1st period - Slapshot by Dmitri Kalinin.
16:20 of 1st period - Stopped by Rick DiPietro with a rebound.
17:15 of 1st period - Snap shot by Andreas Nodl.
17:15 of 1st period - Stopped by Viktor Fasth without a rebound.
17:16 of 1st period - Mike Comrie wins face-off versus Andy Miele in Predators zone.
17:19 of 1st period - Slapshot by Rostislav Olesz.
17:19 of 1st period - Stopped by Viktor Fasth without a rebound.
17:20 of 1st period - Pavel Datsyuk wins face-off versus Andy Miele in Predators zone.
17:42 of 1st period - Minor Penalty to Mike Brown for Hooking.
17:43 of 1st period - Mike Comrie wins face-off versus Brendan Gallagher in Blue Jackets zone.
18:47 of 1st period - Ryan Kesler is hit by Mike Lundin and loses puck.
18:56 of 1st period - Mike York is hit by Ryan Mcdonagh and loses puck.
19:42 of 1st period - Penalty to Mike Brown is over, Mike Brown is back on ice.
Goals for this period are 2 for Predators vs 0 for Blue Jackets.
Shots for this period are 12 for Predators vs 6 for Blue Jackets.
2nd period
0:01 of 2nd period - Niclas Bergfors wins face-off versus Pavel Datsyuk in neutral zone.
0:16 of 2nd period - Snap shot by Mike Brown.
0:16 of 2nd period - Stopped by Viktor Fasth with a rebound.
0:57 of 2nd period - Slapshot by Mikael Granlund.
0:57 of 2nd period - Shot Misses the Net.
1:05 of 2nd period - Wrist shot by Mikael Granlund.
1:05 of 2nd period - Shot Blocked by Mike Comrie.
1:08 of 2nd period - Icing by Andreas Nodl.
1:09 of 2nd period - Ryan Kesler wins face-off versus Mike Comrie in Blue Jackets zone.
1:12 of 2nd period - Wrist shot by Ryan Kesler.
1:12 of 2nd period - Shot Blocked by Mike Lundin.
1:14 of 2nd period - Wrist shot by Alexander Steen.
1:14 of 2nd period - Stopped by Rick DiPietro without a rebound.
1:15 of 2nd period - Pavel Datsyuk wins face-off versus Ryan Kesler in Blue Jackets zone.
1:15 of 2nd period - Pavel Datsyuk is hit by Ryan Mcdonagh.
1:32 of 2nd period - Minor Penalty to David Booth for Cross-checking.
1:33 of 2nd period - Ryan Kesler wins face-off versus Mike Comrie in Blue Jackets zone.
1:33 of 2nd period - Wrist shot by Alexander Ovechkin.
1:33 of 2nd period - Shot Misses the Net.
1:35 of 2nd period - Slapshot by Alexander Edler.
1:35 of 2nd period - Shot Misses the Net.
1:37 of 2nd period - Snap shot by Alexander Ovechkin.
1:37 of 2nd period - Deflect By Ryan Kesler.
1:37 of 2nd period - Shot Misses the Net.
1:37 of 2nd period - Puck is out of play.
1:38 of 2nd period - Mike Comrie wins face-off versus Ryan Kesler in Blue Jackets zone.
3:24 of 2nd period - Icing by Alexander Ovechkin.
3:25 of 2nd period - Mike York wins face-off versus Ryan Kesler in Predators zone.
3:26 of 2nd period - Wrist shot by Rostislav Olesz.
3:26 of 2nd period - Stopped by Viktor Fasth with a rebound.
3:32 of 2nd period - Penalty to David Booth is over, David Booth is back on ice.
4:12 of 2nd period - Snap shot by Alexander Ovechkin.
4:12 of 2nd period - Shot Misses the Net.
4:20 of 2nd period - Brendan Gallagher is hit by A.J Thelen.
4:40 of 2nd period - Snap shot by Ryan Kesler.
4:40 of 2nd period - Shot Blocked by David Booth.
4:51 of 2nd period - Snap shot by Ryan Kesler.
4:51 of 2nd period - Stopped by Rick DiPietro with a rebound.
5:03 of 2nd period - Wrist shot by Ryan Kesler.
5:03 of 2nd period - Shot Blocked by David Booth.
5:58 of 2nd period - Torey Krug is hit by Alexander Ovechkin and loses puck.
6:21 of 2nd period - Wrist shot by Ryan Kesler.
6:21 of 2nd period - Deflect By Branislav Mezei.
6:21 of 2nd period - Shot Blocked by David Booth.
6:21 of 2nd period - Puck is out of play.
6:22 of 2nd period - Patrick O'Sullivan wins face-off versus Anton Gustafsson in Blue Jackets zone.
7:03 of 2nd period - Slapshot by Dennis Wideman.
7:03 of 2nd period - Stopped by Viktor Fasth without a rebound.
7:04 of 2nd period - James Van Riemsdyk wins face-off versus Peter Mueller in Predators zone.
7:14 of 2nd period - Minor Penalty to A.J Thelen for Goalie Interference.
7:15 of 2nd period - Mike Comrie wins face-off versus Mikael Granlund in Blue Jackets zone.
7:22 of 2nd period - Snap shot by Mike Comrie.
7:22 of 2nd period - Shot Misses the Net.
8:04 of 2nd period - Snap shot by Adam Burish.
8:04 of 2nd period - Stopped by Rick DiPietro with a rebound.
8:06 of 2nd period - Slapshot by Ryan Murray.
8:06 of 2nd period - Shot Misses the Net.
8:08 of 2nd period - Wrist shot by Adam Burish.
8:08 of 2nd period - Deflect By Justin Abdelkader.
8:08 of 2nd period - Shot Blocked by Martin Havlat.
8:08 of 2nd period - Puck is out of play.
8:09 of 2nd period - Pavel Datsyuk wins face-off versus Mikael Granlund in Blue Jackets zone.
9:14 of 2nd period - Penalty to A.J Thelen is over, A.J Thelen is back on ice.
9:52 of 2nd period - David Booth is hit by Andy Miele and loses puck.
13:02 of 2nd period - Snap shot by Rostislav Olesz.
13:02 of 2nd period - Stopped by Viktor Fasth with a rebound.
13:04 of 2nd period - Wrist shot by Rostislav Olesz.
13:04 of 2nd period - Stopped by Viktor Fasth with a rebound.
13:26 of 2nd period - Snap shot by Mike York.
13:26 of 2nd period - Stopped by Viktor Fasth with a rebound.
14:06 of 2nd period - Icing by Mike York.
14:07 of 2nd period - Peter Mueller wins face-off versus Andy Miele in Blue Jackets zone.
14:27 of 2nd period - Snap shot by Mike Brown.
14:27 of 2nd period - Stopped by Viktor Fasth with a rebound.
15:06 of 2nd period - Snap shot by Rostislav Olesz.
15:06 of 2nd period - Shot Blocked by Justin Abdelkader.
15:20 of 2nd period - Dennis Wideman is hit by James Van Riemsdyk and loses puck.
15:44 of 2nd period - Wrist shot by Mike Brown.
15:44 of 2nd period - Shot Misses the Net.
16:01 of 2nd period - Ryan Kesler is hit by Mike Brown and loses puck.
16:16 of 2nd period - Slapshot by Ryan Kesler.
16:16 of 2nd period - Shot Misses the Net.
16:18 of 2nd period - Snap shot by Alexander Steen.
16:18 of 2nd period - Shot Blocked by Ryan Wilson.
16:20 of 2nd period - Slapshot by Byron Bitz.
16:20 of 2nd period - Stopped by Rick DiPietro without a rebound.
16:21 of 2nd period - Peter Mueller wins face-off versus Mikael Granlund in Blue Jackets zone.
16:23 of 2nd period - Minor Penalty to Martin Havlat for Holding.
16:24 of 2nd period - Mike Comrie wins face-off versus Ryan Kesler in Blue Jackets zone.
16:37 of 2nd period - Snap shot by Mike York.
16:37 of 2nd period - Stopped by Viktor Fasth with a rebound.
17:15 of 2nd period - Minor Penalty to Brendan Gallagher for High sticking.
17:16 of 2nd period - Ryan Kesler wins face-off versus Pavel Datsyuk in Predators zone.
17:21 of 2nd period - Slapshot by Ryan Mcdonagh.
17:21 of 2nd period - Shot Blocked by Pavel Datsyuk.
17:23 of 2nd period - Slapshot by Ryan Mcdonagh.
17:23 of 2nd period - Deflect By Alexander Ovechkin.
17:23 of 2nd period - Shot Blocked by Branislav Mezei.
17:23 of 2nd period - Puck is out of play.
17:24 of 2nd period - Pavel Datsyuk wins face-off versus Ryan Kesler in Blue Jackets zone.
17:34 of 2nd period - Icing by Alexander Edler.
17:35 of 2nd period - Pavel Datsyuk wins face-off versus Ryan Kesler in Predators zone.
18:02 of 2nd period - Wrist shot by Ryan Kesler.
18:02 of 2nd period - Shot Misses the Net.
18:16 of 2nd period - Snap shot by Niclas Bergfors.
18:16 of 2nd period - Stopped by Rick DiPietro with a rebound.
18:23 of 2nd period - Penalty to Martin Havlat is over, Martin Havlat is back on ice.
18:24 of 2nd period - Snap shot by Mike Comrie.
18:24 of 2nd period - Goal by Mike Comrie - Predators : 2 - Blue Jackets : 1.
18:25 of 2nd period - Ryan Kesler wins face-off versus Peter Mueller in neutral zone.
18:38 of 2nd period - Snap shot by Byron Bitz.
18:38 of 2nd period - Shot Blocked by Dennis Wideman.
18:40 of 2nd period - Slapshot by Michal Rozsival.
18:40 of 2nd period - Shot Blocked by Peter Mueller.
18:50 of 2nd period - David Booth is hit by Michal Rozsival and loses puck.
19:13 of 2nd period - Wrist shot by Rostislav Olesz.
19:13 of 2nd period - Stopped by Viktor Fasth with a rebound.
19:15 of 2nd period - Slapshot by Torey Krug.
19:15 of 2nd period - Stopped by Viktor Fasth with a rebound.
19:17 of 2nd period - Wrist shot by Rostislav Olesz.
19:17 of 2nd period - Shot Blocked by Ryan Mcdonagh.
19:31 of 2nd period - Snap shot by Andrew Gordon.
19:31 of 2nd period - Stopped by Viktor Fasth without a rebound.
19:32 of 2nd period - Patrick O'Sullivan wins face-off versus Anton Gustafsson in Predators zone.
19:39 of 2nd period - Snap shot by Patrick O'Sullivan.
19:39 of 2nd period - Shot Misses the Net.
19:41 of 2nd period - Wrist shot by Patrick O'Sullivan.
19:41 of 2nd period - Stopped by Viktor Fasth with a rebound.
19:43 of 2nd period - Snap shot by Patrick O'Sullivan.
19:43 of 2nd period - Goal by Patrick O'Sullivan - Predators : 2 - Blue Jackets : 2.
19:44 of 2nd period - Peter Mueller wins face-off versus Ryan Kesler in neutral zone.
19:59 of 2nd period - Snap shot by Martin Havlat.
19:59 of 2nd period - Shot Blocked by Alexander Steen.
Goals for this period are 0 for Predators vs 2 for Blue Jackets.
Shots for this period are 5 for Predators vs 14 for Blue Jackets.
3rd period
0:01 of 3rd period - Ryan Kesler wins face-off versus Peter Mueller in neutral zone.
0:14 of 3rd period - Wrist shot by Alexander Steen.
0:14 of 3rd period - Shot Misses the Net.
0:16 of 3rd period - Snap shot by Byron Bitz.
0:16 of 3rd period - Shot Blocked by Dennis Wideman.
0:36 of 3rd period - Wrist shot by Mikael Granlund.
0:36 of 3rd period - Shot Misses the Net.
1:08 of 3rd period - Snap shot by Patrick O'Sullivan.
1:08 of 3rd period - Shot Blocked by Adam Burish.
1:14 of 3rd period - Mike Lundin is hit by Anton Gustafsson and loses puck.
1:25 of 3rd period - Alexander Edler is hit by Mike York and loses puck.
1:34 of 3rd period - Snap shot by Martin Havlat.
1:34 of 3rd period - Stopped by Viktor Fasth with a rebound.
2:30 of 3rd period - Ryan Mcdonagh is hit by Mike York and loses puck.
3:04 of 3rd period - Minor Penalty to Pavel Datsyuk for Tripping.
3:05 of 3rd period - Mike Comrie wins face-off versus Ryan Kesler in Blue Jackets zone.
3:05 of 3rd period - Mike Comrie is hit by Ryan Kesler.
3:14 of 3rd period - Slapshot by Alexander Ovechkin.
3:14 of 3rd period - Shot Misses the Net.
3:19 of 3rd period - Off-side.
3:20 of 3rd period - Mike Comrie wins face-off versus Ryan Kesler in neutral zone.
3:27 of 3rd period - Snap shot by Alexander Edler.
3:27 of 3rd period - Shot Misses the Net.
3:45 of 3rd period - Mike Comrie is hit by Niclas Bergfors and loses puck.
5:04 of 3rd period - Penalty to Pavel Datsyuk is over, Pavel Datsyuk is back on ice.
6:16 of 3rd period - Slapshot by Torey Krug.
6:16 of 3rd period - Deflect By Andy Miele.
6:16 of 3rd period - Stopped by Viktor Fasth with a rebound.
6:36 of 3rd period - Snap shot by Peter Mueller.
6:36 of 3rd period - Shot Misses the Net.
6:50 of 3rd period - Dennis Wideman is hit by Alexander Steen and loses puck.
7:01 of 3rd period - Snap shot by Brendan Gallagher.
7:01 of 3rd period - Shot Misses the Net.
7:21 of 3rd period - Niclas Bergfors is hit by Martin Havlat and loses puck.
7:34 of 3rd period - Alexander Steen is hit by Mike Brown and loses puck.
7:41 of 3rd period - Ryan Kesler is hit by Pavel Datsyuk and loses puck.
8:17 of 3rd period - Slapshot by David Booth.
8:17 of 3rd period - Shot Blocked by Dmitri Kalinin.
8:19 of 3rd period - Slapshot by Dennis Wideman.
8:19 of 3rd period - Stopped by Viktor Fasth with a rebound.
8:21 of 3rd period - Slapshot by David Booth.
8:21 of 3rd period - Stopped by Viktor Fasth without a rebound.
8:22 of 3rd period - Mikael Granlund wins face-off versus Peter Mueller in Predators zone.
8:22 of 3rd period - Niclas Bergfors is hit by Peter Mueller.
8:23 of 3rd period - Niclas Bergfors from Predators is injured at 8:23 of 3rd period (Bruised Left Arm).
8:24 of 3rd period - Peter Mueller wins face-off versus Mikael Granlund in Predators zone.
8:25 of 3rd period - Slapshot by Mike York.
8:25 of 3rd period - Deflect By Peter Mueller.
8:25 of 3rd period - Stopped by Viktor Fasth with a rebound.
8:27 of 3rd period - Snap shot by Mike York.
8:27 of 3rd period - Shot Misses the Net.
8:29 of 3rd period - Wrist shot by Peter Mueller.
8:29 of 3rd period - Deflect By Martin Havlat.
8:29 of 3rd period - Shot Misses the Net.
8:29 of 3rd period - Puck is out of play.
8:30 of 3rd period - Mikael Granlund wins face-off versus Peter Mueller in Predators zone.
9:01 of 3rd period - Off-side.
9:02 of 3rd period - Ryan Kesler wins face-off versus Pavel Datsyuk in neutral zone.
9:07 of 3rd period - Mike Brown is hit by Ryan Murray and loses puck.
9:28 of 3rd period - David Booth is hit by Mikael Granlund and loses puck.
10:23 of 3rd period - Slapshot by Andy Miele.
10:23 of 3rd period - Shot Blocked by Mike Lundin.
10:25 of 3rd period - Snap shot by Ryan Mcdonagh.
10:25 of 3rd period - Shot Misses the Net.
10:27 of 3rd period - Wrist shot by James Van Riemsdyk.
10:27 of 3rd period - Shot Misses the Net.
10:29 of 3rd period - Backhand shot by Dmitri Kalinin.
10:29 of 3rd period - Shot Blocked by Peter Mueller.
10:31 of 3rd period - Slapshot by Dmitri Kalinin.
10:31 of 3rd period - Deflect By Brendan Gallagher.
10:31 of 3rd period - Shot Blocked by Dennis Wideman.
10:31 of 3rd period - Puck is out of play.
10:32 of 3rd period - Mikael Granlund wins face-off versus Rostislav Olesz in Blue Jackets zone.
10:33 of 3rd period - Wrist shot by Brendan Gallagher.
10:33 of 3rd period - Shot Blocked by Mike Comrie.
10:35 of 3rd period - Snap shot by Alexander Ovechkin.
10:35 of 3rd period - Stopped by Rick DiPietro with a rebound.
10:37 of 3rd period - Slapshot by Michal Rozsival.
10:37 of 3rd period - Stopped by Rick DiPietro without a rebound.
10:38 of 3rd period - Mike Comrie wins face-off versus Alexander Ovechkin in Blue Jackets zone.
10:50 of 3rd period - Off-side.
10:51 of 3rd period - Mikael Granlund wins face-off versus Peter Mueller in neutral zone.
11:04 of 3rd period - Wrist shot by Peter Mueller.
11:04 of 3rd period - Stopped by Viktor Fasth without a rebound.
11:05 of 3rd period - Ryan Kesler wins face-off versus Mike York in Predators zone.
11:17 of 3rd period - Minor Penalty to Martin Havlat for Roughing.
11:18 of 3rd period - Mike Comrie wins face-off versus Ryan Kesler in Blue Jackets zone.
12:47 of 3rd period - Alexander Ovechkin is hit by Pavel Datsyuk and loses puck.
13:17 of 3rd period - Penalty to Martin Havlat is over, Martin Havlat is back on ice.
14:14 of 3rd period - David Booth is hit by Anton Gustafsson and loses puck.
14:29 of 3rd period - Brendan Gallagher is hit by Torey Krug and loses puck.
14:44 of 3rd period - Ryan Wilson is hit by Alexander Ovechkin and loses puck.
16:08 of 3rd period - Slapshot by Torey Krug.
16:08 of 3rd period - Stopped by Viktor Fasth with a rebound.
16:10 of 3rd period - Snap shot by Branislav Mezei.
16:10 of 3rd period - Shot Blocked by John Moore.
16:45 of 3rd period - A.J Thelen is hit by Adam Burish and loses puck.
17:08 of 3rd period - Wrist shot by Rostislav Olesz.
17:08 of 3rd period - Shot Misses the Net.
17:10 of 3rd period - Snap shot by Andreas Nodl.
17:10 of 3rd period - Shot Misses the Net.
17:22 of 3rd period - Torey Krug is hit by Ryan Kesler and loses puck.
18:23 of 3rd period - Snap shot by Rostislav Olesz.
18:23 of 3rd period - Stopped by Viktor Fasth with a rebound.
Goals for this period are 0 for Predators vs 0 for Blue Jackets.
Shots for this period are 2 for Predators vs 8 for Blue Jackets.
Overtime #1
0:01 of 1st overtime period - Ryan Kesler wins face-off versus David Booth in neutral zone.
0:08 of 1st overtime period - Snap shot by Alexander Ovechkin.
0:08 of 1st overtime period - Stopped by Rick DiPietro without a rebound.
0:09 of 1st overtime period - Ryan Kesler wins face-off versus Pavel Datsyuk in Blue Jackets zone.
0:14 of 1st overtime period - Snap shot by Ryan Kesler.
0:14 of 1st overtime period - Shot Blocked by Dennis Wideman.
0:16 of 1st overtime period - Slapshot by Alexander Ovechkin.
0:16 of 1st overtime period - Deflect By Ryan Kesler.
0:16 of 1st overtime period - Shot Misses the Net.
0:16 of 1st overtime period - Puck is out of play.
0:17 of 1st overtime period - Ryan Kesler wins face-off versus Pavel Datsyuk in Blue Jackets zone.
1:10 of 1st overtime period - Snap shot by Mike Comrie.
1:10 of 1st overtime period - Shot Misses the Net.
2:10 of 1st overtime period - Wrist shot by Mike Comrie.
2:10 of 1st overtime period - Deflect By Martin Havlat.
2:10 of 1st overtime period - Shot Misses the Net.
2:10 of 1st overtime period - Puck is out of play.
2:11 of 1st overtime period - Justin Abdelkader wins face-off versus Mike Comrie in Predators zone.
2:40 of 1st overtime period - Slapshot by Martin Havlat.
2:40 of 1st overtime period - Stopped by Viktor Fasth with a rebound.
2:43 of 1st overtime period - Icing by Ryan Mcdonagh.
2:44 of 1st overtime period - Ryan Kesler wins face-off versus Pavel Datsyuk in Predators zone.
2:56 of 1st overtime period - Off-side.
2:57 of 1st overtime period - David Booth wins face-off versus Brendan Gallagher in neutral zone.
3:00 of 1st overtime period - Snap shot by Brendan Gallagher.
3:00 of 1st overtime period - Stopped by Rick DiPietro with a rebound.
3:02 of 1st overtime period - Slapshot by Michal Rozsival.
3:02 of 1st overtime period - Shot Misses the Net.
3:04 of 1st overtime period - Snap shot by Brendan Gallagher.
3:04 of 1st overtime period - Shot Misses the Net.
3:06 of 1st overtime period - Slapshot by Alexander Steen.
3:06 of 1st overtime period - Stopped by Rick DiPietro without a rebound.
3:07 of 1st overtime period - Pavel Datsyuk wins face-off versus Ryan Kesler in Blue Jackets zone.
4:24 of 1st overtime period - James Van Riemsdyk is hit by Branislav Mezei and loses puck.
4:55 of 1st overtime period - Slapshot by Mike Lundin.
4:55 of 1st overtime period - Stopped by Viktor Fasth with a rebound.
Goals for this period are 0 for Predators vs 0 for Blue Jackets.
Shots for this period are 3 for Predators vs 2 for Blue Jackets.
ShootOut
5:00 of 1st overtime period - Penalty Shot by Alexander Ovechkin for Predators.
5:00 of 1st overtime period - Wrist shot by Alexander Ovechkin.
5:00 of 1st overtime period - Stopped by Rick DiPietro.
5:00 of 1st overtime period - Penalty Shot by Pavel Datsyuk for Blue Jackets.
5:00 of 1st overtime period - Deke by Pavel Datsyuk.
5:00 of 1st overtime period - Shot Misses the Net.
5:00 of 1st overtime period - Penalty Shot by Ryan Kesler for Predators.
5:00 of 1st overtime period - Deke by Ryan Kesler.
5:00 of 1st overtime period - Shot Misses the Net.
5:00 of 1st overtime period - Penalty Shot by David Booth for Blue Jackets.
5:00 of 1st overtime period - Wrist shot by David Booth.
5:00 of 1st overtime period - Stopped by Viktor Fasth.
5:00 of 1st overtime period - Penalty Shot by Andy Miele for Predators.
5:00 of 1st overtime period - Wrist shot by Andy Miele.
5:00 of 1st overtime period - Goal by Andy Miele.
5:00 of 1st overtime period - Penalty Shot by Martin Havlat for Blue Jackets.
5:00 of 1st overtime period - Wrist shot by Martin Havlat.
5:00 of 1st overtime period - Stopped by Viktor Fasth.
Back to the Top